 Dungeon Crawl Stone Soup version 0.28-a0-706-gf6f64a616a (webtiles) character file.

Game seed: 16508508202327091346

168 Rocko1345 the Magician (level 5, -5/52 HPs)
             Began as a Djinni Fire Elementalist on Oct 24, 2021.
             Killed by divine providence
             ... invoked by an orc priest
              (12 damage)
             ... on level 3 of the Dungeon.
             The game lasted 00:18:22 (3293 turns).

Rocko1345 the Magician (Djinni Fire Elementalist)   Turns: 3293, Time: 00:18:23

Health: -5/52      AC: 22    Str:  7    XL:     5   Next: 78%
Gold:   68         EV:  2    Int: 17    God:
                   SH:  0    Dex: 14

rFire   . . .      SeeInvis .   f - +1 dagger (venom)
rCold   . . .      Faith    .   (no shield)
rNeg    . . .      Spirit   .   (armour currently unavailable)
rPois   ∞          Reflect  .   (helmet currently unavailable)
rElec   .          Harm     .   (cloak currently unavailable)
rCorr   .          Rampage  .   (gloves currently unavailable)
Will    .....      NoTele   +   (boots unavailable)
Stlth   ++........              (no amulet)
HPRegen 0.17/turn               (no ring)
MPRegen 0.00/turn               (no ring)

@: tree-form
A: stationary, stasis, torment immunity, boosted hp, sickness immunity, (fire
resistance 2), (cold vulnerability 1), float, innate caster, hp casting, extra
vitality 1
a: no special abilities


You were on level 3 of the Dungeon.
You were a tree.
You visited 1 branch of the dungeon, and saw 3 of its levels.

You collected 68 gold pieces.

Inventory:

Hand Weapons
 f - a +1 dagger of venom (weapon)
Armour
 a - a +0 robe
 l - a +2 robe of fire resistance (melded)
Wands
 j - a wand of flame (13)
Scrolls
 b - a scroll of teleportation {unknown}
 e - a scroll of magic mapping {unknown}
 i - a scroll of blinking {unknown}
 k - a scroll of amnesia {unknown}
 m - a scroll of enchant armour {unknown}
Potions
 d - a potion of cancellation


   Skills:
 + Level 0.2 Fighting
 * Level 2.5 Dodging
 + Level 1.7 Stealth
 * Level 4.4 Spellcasting


You couldn't memorise any spells.
You knew the following spells:

 Your Spells              Type           Power      Damage    Failure   Level
a - Foxfire               Conj/Fire      72%        2x1d7     2%          1
b - Scorch                Fire           36%        2d6       3%          2
c - Conjure Flame         Conj/Fire      18%        6-21      7%          3
d - Inner Flame           Hex/Fire       18%        N/A       7%          3
e - Flame Wave            Conj/Fire      18%        3d5       24%         4
f - Sandblast             Erth           36%        2d10      2%          1
g - Ensorcelled Hibernat  Hex/Ice        36%        N/A       3%          2
Your spell library was empty.

Dungeon Overview and Level Annotations

Branches:
Dungeon (3/15)

Altars:


Innate Abilities, Weirdness & Mutations

You are a tree.
Your roots penetrate the ground, keeping you stationary.
You cannot be teleported.
You are immune to unholy pain and torment.
Your maximum health is greatly increased.
Your equipment is partially melded.
You are immune to sickness and miasma.
You are immune to poison.
((Your flesh is very heat resistant. (rF++)))
((You are vulnerable to cold. (rC-)))
You float through the air rather than walking.
You learn spells naturally, not from books.
Your magical power is your life essence.
You have superior vitality. (+4 HP)


Message History

Restarting spell: Flame Wave (extremely dangerous; 24% risk of failure)
Press: ? - help, Dir - look around, f - activate You miscast Flame Wave.
You are very lightly contaminated with residual magic.
You are caught in a fiery explosion.
You resist.
* * * LOW HITPOINT WARNING * * *
x2 The orc misses you.
The orc throws a boomerang.
The boomerang hits you but does no damage.
Really quaff the potion of lignification?
You turn into a tree.
Your +2 robe of fire resistance melds into your body.
You feel less resistant to fire.
Your roots penetrate the ground.
The orc hits you but does no damage.
You hit the orc but do no damage.
The orc is poisoned.
The orc hits you but does no damage.
You barely miss the orc.
The orc is lightly wounded.
The orc priest calls upon Beogh to heal the orc.
The orc's wounds heal themselves!
The orc hits you but does no damage.
You hit the orc but do no damage.
The orc looks as sick as possible!
The orc hits you but does no damage.
You hit the orc but do no damage.
The orc looks as sick as possible!
The orc is severely wounded.
The orc completely misses you.
You closely miss the orc.
The orc is almost dead.
You kill the orc!
The orc priest hits you but does no damage.
Your magical contamination has completely faded away.
You hit the orc priest.
The orc priest is poisoned.
The orc priest is lightly wounded.
The orc priest begins to cast a cantrip, but forgets the words!
You hit the orc priest but do no damage.
The orc priest looks as sick as possible!
The orc priest is lightly wounded.
You hear the rusting of a distant drain.
The orc priest calls down the wrath of Beogh upon you.
Beogh smites you!
You die...

## .###############
.).............#
.#############.##############
)# #.o♣...)>..†...# o#
##############.# .# #...#.#
.######### #.#.#.# )........#
#.#.#.# .........# #.#.#.#
.........# #.#.#.###
.........+ #(#.....#
...S.†...# #.###.###


You could see an orc priest (extremely poisoned).

Vanquished Creatures
  An orc priest (D:3)
  Jessica (D:2)
  5 gnolls
  An adder (D:2)
  A dart slug (D:1)
  2 orcs (D:3)
  2 bats (D:2)
  3 endoplasms (D:2)
  2 giant cockroaches (D:1)
  6 goblins
  4 hobgoblins
  2 jackals (D:2)
  2 quokkas (D:2)
  10 ball pythons
  A frilled lizard (D:1)
  3 kobolds
  7 rats
53 creatures vanquished.

Vanquished Creatures (others)
  51 foxfires
51 creatures vanquished.

Grand Total: 104 creatures vanquished

Notes
Turn   | Place    | Note
-------+----------+-------------------------------------------
     0 | D:1      | Rocko1345 the Djinni Fire Elementalist began the quest for
                  | the Orb.
     0 | D:1      | Reached XP level 1. HP: 15/15 MP: 0/0
   246 | D:1      | Reached XP level 2. HP: 18/21 MP: 0/0
   254 | D:1      | Reached skill level 3 in Spellcasting
   559 | D:1      | Reached XP level 3. HP: 23/25 MP: 0/0
   559 | D:1      | Learned a level 1 spell: Sandblast
  1643 | D:2      | Noticed Jessica
  1940 | D:2      | Reached XP level 4. HP: 31/31 MP: 0/0
  2756 | D:2      | Reached skill level 4 in Spellcasting
  2758 | D:2      | Reached XP level 5. HP: 21/35 MP: 0/0
  2758 | D:2      | Learned a level 2 spell: Ensorcelled Hibernation
  2776 | D:2      | Killed Jessica
  3293 | D:3      | Killed from afar by an orc priest

Illustrated notes

Levels and vault maps discovered:
D:1:      minmay_arrival_five_plusses, layout_basic
D:2:      layout_loops_ring, hangedman_glass_teeth, uniq_jessica
D:3:      layout_basic, mainiacjoe_overflow_brackets, gup_sewer_entry_bubbles,
          serial_shops, shop, uniq_grinder

Skill      XL: |  1  2  3  4 |
---------------+-------------+-----
Spellcasting   | 3 4 |  4.4
Fighting       | |  0.2
Dodging        | |  2.5
Stealth        | |  1.7

Action                   |  1- 3 |  4- 6 || total
-------------------------+-------+-------++-------
Melee: Dagger            |    13 |    31 ||    44
 Cast: Foxfire           |    25 |     6 ||    31
       Scorch            |    11 |    24 ||    35
       Conjure Flame     |       |     1 ||     1
       Ensorcelled Hiber |       |     3 ||     3
       Flame Wave        |       |     3 ||     3
Evoke: Wand              |       |     2 ||     2
  Use: Scroll            |     2 |       ||     2
       Potion            |       |     4 ||     4
Armor: Robe              |     5 |     8 ||    13
       Skin              |       |     5 ||     5
Dodge: Dodged            |    16 |    39 ||    55

Table legend: (Time is in decaauts)
 A = Elapsed time spent in this place.
 B = Non-inter-level travel time spent in this place.
 C = Inter-level travel time spent in this place.
 D = Time resting spent in this place.
 E = Time spent auto-exploring this place.
 F = Levels seen in this place.
 G = Mean time per level.
                   A        B        C        D        E       F      G
               +--------+--------+--------+--------+--------+-----+--------+
         Total |   3292 |   3243 |     49 |   1229 |   1234 |   3 | 1097.3 |
       Dungeon |   3292 |   3243 |     49 |   1229 |   1234 |   3 | 1097.3 |
               +--------+--------+--------+--------+--------+-----+--------+

Top non-repeatable levels by time:
     D:2: 1661 daAuts
     D:1: 1479 daAuts
     D:3: 151 daAuts
